 Dungeon Crawl Stone Soup version 0.20-a0-550-gf70bbbc (webtiles) character file.

223 TuxedoFelix the Skirmisher (level 6, -2/56 HPs)
             Began as a Hill Orc Fighter on Feb 2, 2017.
             Was an Initiate of Beogh.
             Slain by a water moccasin (4 damage)
             ... on level 4 of the Dungeon.
             The game lasted 00:20:24 (3254 turns).

TuxedoFelix the Skirmisher (Hill Orc Fighter)       Turns: 3254, Time: 00:20:26

Health: -2/56      AC:  7    Str: 21    XL:     6   Next: 0%
Magic:  6/6        EV: 12    Int:  8    God:    Beogh [......]
Gold:   192        SH: 10    Dex: 15    Spells: 5/5 levels left

rFire    . . .     SeeInvis .   a - +0 flail
rCold    . . .     Gourm    .   b - +0 scale mail
rNeg     . . .     Faith    .   c - +0 shield
rPois    .         Spirit   .   (no helmet)
rElec    .         Reflect  .   (no cloak)
rCorr    .         Harm     .   (no gloves)
MR       .....                  (no boots)
Stlth    +.........             v - amulet of inaccuracy (curse)
Regen    0.2/turn               (no ring)
                                (no ring)

@: agile, lethally poisoned (-2 -> -13), very slightly contaminated, invisible
(expiring)
A: no striking features
a: Renounce Religion


You were on level 4 of the Dungeon.
You worshipped Beogh.
Beogh was noncommittal.
You were not hungry.

You visited 1 branch of the dungeon, and saw 4 of its levels.

You collected 192 gold pieces.

Inventory:

Hand Weapons
 a - a +0 flail (weapon)
Armour
 b - a +0 scale mail (worn)
 c - a +0 shield (worn)
Jewellery
 v - a cursed amulet of inaccuracy (around neck)
 w - an uncursed amulet of faith {unknown}
Wands
 s - a wand of lightning (0/15)
Scrolls
 m - a scroll of immolation
 n - a scroll of fog
 t - a scroll of identify
Potions
 h - a potion of lignification
 i - a potion of flight
Comestibles
 f - 2 bread rations
 q - a meat ration
 r - 4 fruits
 u - a royal jelly


   Skills:
 * Level 5.1 Fighting
 * Level 4.1 Maces & Flails
 + Level 4.1 Armour
 + Level 4.2 Shields


You had 5 spell levels left.
You didn't know any spells.

Dungeon Overview and Level Annotations

Branches:
Dungeon (4/15)
 Temple: D:4-7

Altars:
Nemelex Xobeh
Okawaru
Xom
The Shining One


Message History

Your +0 scale mail unmelds from your body.
You block the water moccasin's attack.
The water moccasin bites you but does no damage.
The quokka twitches its whiskers.
The quokka barely misses you.
You hit the water moccasin.
The water moccasin is heavily wounded.
The water moccasin bites you.
* * * LOW HITPOINT WARNING * * *
You are lethally poisoned!
The water moccasin poisons you! The quokka closely misses you.
The worm barely misses you.
The water moccasin bites you but does no damage.
You barely miss the quokka.
* * * LOW HITPOINT WARNING * * *
You feel sick.
The quokka bites you but does no damage.
You block the water moccasin's attack. You block the quokka's attack.
The water moccasin bites you.
You die...

#....!.#
......#
......#
...<..#
#.....#
##.....#
#.S....#
#.@w...#
#..r...#
#......#
#......#
#......#
#......#
#....#......#
#....#......#
#....#......#


You could see a water moccasin (inner flame), a worm (inner flame) and a quokka
(inner flame).

Vanquished Creatures
  A phantom (D:4)
  A crimson imp (D:3)
  3 adders (D:2)
  2 worms (D:2)
  A dart slug (D:3)
  A leopard gecko (D:1)
  8 orcs
  2 giant cockroaches
  6 goblins
  6 hobgoblins
  4 jackals (D:3)
  2 kobolds (D:3)
  A quokka (D:2)
  6 bats
  7 frilled lizards
  8 rats
59 creatures vanquished.

Vanquished Creatures (others)
  2 orcs (D:3)
  A ball python (D:3)
3 creatures vanquished.

Grand Total: 62 creatures vanquished

Notes
Turn   | Place    | Note
-------+----------+-------------------------------------------
     0 | D:1      | TuxedoFelix the Hill Orc Fighter began the quest for the Orb.
     0 | D:1      | Reached XP level 1. HP: 19/19 MP: 1/1
   358 | D:1      | Reached XP level 2. HP: 22/27 MP: 2/2
   379 | D:1      | Reached skill level 4 in Fighting
   407 | D:1      | Found an iron altar of Okawaru.
   686 | D:2      | Reached XP level 3. HP: 23/33 MP: 3/3
  1192 | D:2      | Found a glowing golden altar of the Shining One.
  1262 | D:2      | Reached XP level 4. HP: 41/41 MP: 4/4
  2055 | D:3      | Reached XP level 5. HP: 44/47 MP: 5/5
  2089 | D:3      | Became a worshipper of Beogh the Brigand
  2499 | D:3      | Found a shimmering altar of Xom.
  2499 | D:3      | Found a sparkling altar of Nemelex Xobeh.
  2870 | D:4      | Noticed a phantom
  2913 | D:4      | Killed a phantom
  2913 | D:4      | Reached skill level 5 in Fighting
  2913 | D:4      | Reached XP level 6. HP: 16/56 MP: 6/6
  3171 | D:4      | Noticed a water moccasin
  3230 | D:4      | HP: 4/84 [water moccasin (6)]
  3254 | D:4      | HP: 2/56 [poisoned by a water moccasin]
  3254 | D:4      | Slain by a water moccasin

Vault maps used:
D:1:      shiori_arrival_maze, serial_forest, infiniplex_forest_straight_2,
          infiniplex_forest_clump_medium, infiniplex_forest_end_2,
          infiniplex_forest_diagonal, infiniplex_forest_clump_curved,
          infiniplex_forest_lined_2, infiniplex_forest_clump_medium,
          infiniplex_forest_straight_1, minmay_door_square,
          okawaru_ov_weapons_minmay
D:2:      tso_altar
D:3:      gammafunk_temple_overflow_elements, grunt_ministairs_5, hex_medium
D:4:      first_bread, hex_tiny, dk_yredelemnul_ordeal

Skill      XL: |  1  2  3  4  5 |
---------------+----------------+-----
Fighting       | 4 5 |  5.1
Maces & Flails | 3 4 |  4.1
Shields        | 4 |  4.2
Armour         | 4 |  4.1

Action                   |  1- 3 |  4- 6 || total
-------------------------+-------+-------++-------
Melee: Flail             |    93 |   188 ||   281
Invok: Convert to Beogh  |       |     1 ||     1
Evoke: Wand              |       |     7 ||     7
  Use: Scroll            |       |     8 ||     8
       Potion            |       |     8 ||     8
 Stab: Invisible         |       |     1 ||     1
  Eat: Chunk             |     1 |     4 ||     5
       Bread ration      |       |     1 ||     1
Armor: Scale mail        |    46 |   109 ||   155
       Skin              |       |    29 ||    29
Dodge: Dodged            |    22 |    93 ||   115
Block: Shield            |    42 |   146 ||   188
